 Dungeon Crawl Stone Soup version 0.31-a0-361-g0f8bd3a31e (webtiles) character file.

Game seed: 10665189640792392929

21 BritishOli the Trooper (level 2, -1/24 HPs)
             Began as a Demonspawn Fighter on July 27, 2023.
             Slain by Natasha (8 damage)
             ... on level 2 of the Dungeon.
             The game lasted 00:00:25 (985 turns).

BritishOli the Trooper (Demonspawn Fighter)          Turns: 985, Time: 00:00:25

Health: -1/24      AC:  6    Str: 16    XL:     2   Next: 65%
Magic:  2/2        EV:  9    Int:  9    God:
Gold:   29         SH:  4    Dex: 12    Spells: 1/1 levels left

rFire   . . .        a - +0 war axe
rCold   . . .        c - +0 buckler
rNeg    . . .        b - +0 scale mail
rPois   .            (no helmet)
rElec   .            (no cloak)
rCorr   .            (no gloves)
SInv    .            (no boots)
Will    .....        (no amulet) Stlth
                     (no ring)
HPRegen 0.24/turn    (no ring)
MPRegen 0.08/turn

%: no passive effects
@: no status effects
A: sturdy frame 1
a: no special abilities


You were on level 2 of the Dungeon.
You visited 1 branch of the dungeon, and saw 2 of its levels.

You collected 29 gold pieces.

Inventory:

Hand Weapons
 a - a +0 war axe (weapon)
Missiles
 e - a throwing net
Armour
 b - a +0 scale mail (worn)
 c - a +0 buckler (worn)
Jewellery
 g - a ring of fire
 i - a +6 ring of strength
Wands
 k - a wand of flame (6)
Scrolls
 f - a scroll of vulnerability {unknown}
 h - 2 scrolls of enchant weapon {unknown}
 j - a scroll of noise {unknown}
Potions
 d - 2 potions of might


   Skills:
 + Level 3.2 Fighting
 + Level 2.1 Axes
 + Level 3.0 Armour
 + Level 2.9 Shields


You had one spell level left.
You didn't know any spells.
Your spell library was empty.

Dungeon Overview and Level Annotations

Branches:
Dungeon (2/15)

Altars:

Annotations:
D:2 Natasha


Innate Abilities, Weirdness & Mutations

Your movements are slightly less encumbered by armour. (ER -2)


Message History

Natasha hisses angrily.
Natasha is nearby!
Natasha mumbles some strange words.
There are monsters nearby!
The cerulean imp closely misses you.
There are monsters nearby!
The cerulean imp hits you with a +2 spear.
You hit Natasha.
Natasha is moderately wounded.
You closely miss the cerulean imp. Natasha claws you but does no damage.
The cerulean imp hits you with a +2 spear.
Natasha claws you.
There are monsters nearby!
You hit Natasha.
Natasha is heavily wounded.
You closely miss the cerulean imp. You block the cerulean imp's attack.
Natasha casts a spell at you. The magic dart hits you.
There are monsters nearby!
You are too injured to fight recklessly!
There are monsters nearby!
There are monsters nearby!
You are too injured to fight recklessly!
There are monsters nearby!
You are too injured to fight recklessly!
There are monsters nearby!
You are too injured to fight recklessly!
Unknown command.
You hit Natasha but do no damage.
Natasha is heavily wounded.
You miss the cerulean imp.
The cerulean imp hits you but does no damage.
Natasha claws you.
* * * LOW HITPOINT WARNING * * *
The cerulean imp hits you but does no damage.
You barely miss Natasha.
Natasha is heavily wounded.
You closely miss the cerulean imp. Natasha barely misses you.
You block the cerulean imp's attack. Natasha claws you!
You die...

##.....†####
#..........# #
#.....#..#.#
#.#..<..#....#
#####.#.#.#.#.####
...............
.####.#.#.#.#.#
##.#.#.#.#.#
#...@h.#.#.#
#....5.#.#
#......# ##.#+#.#
.$ .# ... .# ....
.# #...


You could see Natasha and a cerulean imp (summoned).

Vanquished Creatures
  A worm (D:2)
  4 ball pythons (D:1)
  A bat (D:1)
  3 endoplasms (D:1)
  4 goblins (D:1)
  A hobgoblin (D:1)
  A kobold (D:1)
  2 rats (D:1)
17 creatures vanquished.

Notes
Turn   | Place    | Note
-------+----------+-------------------------------------------
     0 | D:1      | BritishOli the Demonspawn Fighter began the quest for the
                  | Orb.
     0 | D:1      | Reached XP level 1. HP: 18/18 MP: 1/1
   125 | D:1      | Gained mutation: Your movements are slightly less
                  | encumbered by armour. (ER -2) [demonic ancestry]
   125 | D:1      | Reached XP level 2. HP: 22/24 MP: 2/2
   978 | D:2      | Noticed Natasha
   985 | D:2      | Slain by Natasha

Illustrated notes

Levels and vault maps discovered:
D:1:      dreamdust_arrival_beginning_and_end, layout_basic, minmay_distorted
D:2:      layout_basic, palyth_stone_intersect, minmay_tetromino_s4,
          uniq_jessica, uniq_natasha

Skill      XL: |  1  2 |
---------------+-------+-----
Axes           | 2 |  2.1
Armour         | 3 |  3.0
Fighting       | |  3.2
Shields        | |  2.9

Action                     || total
---------------------------++-------
  Melee: War axe           ||    49
 Armour: Scale mail        ||    24
  Dodge: Dodged            ||    20
  Block: Buckler           ||    12

Table legend: (Time is in decaauts)
 A = Elapsed time spent in this place.
 B = Non-inter-level travel time spent in this place.
 C = Inter-level travel time spent in this place.
 D = Time resting spent in this place.
 E = Time spent auto-exploring this place.
 F = Levels seen in this place.
 G = Mean time per level.
                   A        B        C        D        E       F      G
               +--------+--------+--------+--------+--------+-----+--------+
         Total |   1005 |    982 |     23 |      0 |    862 |   2 |  502.5 |
       Dungeon |   1005 |    982 |     23 |      0 |    862 |   2 |  502.5 |
               +--------+--------+--------+--------+--------+-----+--------+

Top non-repeatable levels by time:
     D:1: 942 daAuts
     D:2: 63 daAuts
